[Event "Early-Titled-Tuesday-Blitz-March-26-2024"]
[Site "Chess.com"]
[Date "2024.03.26"]
[Round "9"]
[White "Chessmissile07"]
[Black "Donskov_AN"]
[Result "1-0"]
[WhiteElo "2903"]
[BlackElo "2395"]
[TimeControl "180+1"]
[EndTime "9:40:48 PDT"]
[Termination "Chessmissile07 won by resignation"]

1. a3 e5 2. e4 Nf6 3. Nc3 Nc6 4.
Nf3 Be7 5. Bc4 O-O 6. O-O Nxe4 7. Nxe4 d5 8. Bd3 dxe4 9. Bxe4 Bd6 10. d3 f5 11. Bd5+ Kh8 12. Ng5 Qf6 13. Nxh7 Kxh7 14.
Qh5+ Qh6 15. Bxh6 gxh6 16. Bxc6 bxc6 17. Rae1 Bd7 18. Re2 Rf6 19. Rfe1 Be8 20. Qf3 Rd8 21.
Rxe5 Bxe5 22. Rxe5 Bf7 23. Rxf5 Rxf5 24. Qxf5+ Bg6 25. Qf6 Re8 26. h3 Re1+ 27. Kh2 Re2 28. Qxc6 Re7 29. a4 Bf5 30. Qc5 Rf7 31. Qxa7 Kg6 32. a5 1-0

[Event "Early-Titled-Tuesday-Blitz-March-26-2024"]
[Site "Chess.com"]
[Date "2024.03.26"]
[Round "9"]
[White "alekroth65"]
[Black "NovoselovRoman"]
[Result "0-1"]
[WhiteElo "2384"]
[BlackElo "2554"]
[TimeControl "180+1"]
[EndTime "9:40:54 PDT"]
[Termination "NovoselovRoman won by resignation"]

1. d4 d5 2. c4 e6 3. Nf3 Nf6 4. Bg5 Be7 5. e3 Nbd7 6. Nc3 dxc4 7. Bxc4 a6 8. O-O b5 9. Bd3 c5 10. Qc2 Bb7 11. dxc5 Nxc5 12. Rad1 Qb6 13. Be2 Rc8 14.
Qb1 b4 15. Nd4 bxc3 16. bxc3 Qxb1 17. Rxb1 Nfe4 18. Bxe7 Kxe7 19. Bf3 Bd5 20. c4 Bxc4 21. Rfc1 Bxa2 22. Ra1 Bd5 23. h3 g6 24. Rcb1 Rb8 25. Rc1 Rhc8 0-1

[Event "Early-Titled-Tuesday-Blitz-March-26-2024"]
[Site "Chess.com"]
[Date "2024.03.26"]
[Round "9"]
[White "LileKoridze"]
[Black "manitodeplomo"]
[Result "1/2-1/2"]
[WhiteElo "2460"]
[BlackElo "2635"]
[TimeControl "180+1"]
[EndTime "9:41:03 PDT"]
[Termination "Game drawn by repetition"]

1. d4 Nf6 2. c4 e6 3. Nf3 b6 4. g3 Bb7 5. Bg2 Be7 6. O-O O-O 7. Nc3 Ne4 8. Qc2 Nxc3 9. Qxc3 Be4 10. Ne1 Bxg2 11.
Nxg2 d5 12. cxd5 exd5 13. Bf4 Bd6 14. Rac1 c6 15. Rfe1 Re8 16. Qc2 Qd7 17. e4 dxe4 18. Rxe4 Rc8 19. Rce1 Bf8 20. Bxb8 Raxb8 21. Nf4 c5 22. d5 b5 23. b3 Qd6 24. Qe2 a6 25. Qg4 g6 26. Qg5 Bg7 27. Qe7 Bf8 28. Qg5 Bg7 29. Qe7 Bf8 30. Qg5 1/2-1/2

[Event "Early-Titled-Tuesday-Blitz-March-26-2024"]
[Site "Chess.com"]
[Date "2024.03.26"]
[Round "9"]
[White "Mindhunter08"]
[Black "Misterfox120"]
[Result "1-0"]
[WhiteElo "2650"]
[BlackElo "2469"]
[TimeControl "180+1"]
[EndTime "9:41:06 PDT"]
[Termination "Mindhunter08 won by resignation"]

1. e4 c6 2. d4 d5 3. e5 Bf5 4. h4 h5 5. Bd3 Bxd3 6. Qxd3 Qa5+ 7. Nd2 e6 8. Ne2 Ne7 9. O-O Nf5 10. Nf3 Qa6 11. Qd1 Be7 12. g3 c5 13.
c3 Nc6 14. Kg2 Rc8 15. Bg5 cxd4 16. Nexd4 Ncxd4 17. Nxd4 Nxd4 18. cxd4 Bxg5 19. hxg5 g6 20. Rc1 Kd7 21. Qf3 Rhf8 22. Qf6 Qb6 23. Rxc8 Kxc8 24. Qe7 Qd8 25. Rc1+ Kb8 26. Qc5 Qd7 27. Qxf8+ 1-0

[Event "Early-Titled-Tuesday-Blitz-March-26-2024"]
[Site "Chess.com"]
[Date "2024.03.26"]
[Round "9"]
[White "FREDERICKtheMATE"]
[Black "yuriydovzik"]
[Result "1-0"]
[WhiteElo "2673"]
[BlackElo "2121"]
[TimeControl "180+1"]
[EndTime "9:41:09 PDT"]
[Termination "FREDERICKtheMATE won on time"]

1. Nf3 Nf6 2. c4 e6 3. d4 b6 4.
g3 Bb7 5. Bg2 g6 6. O-O Bg7 7. Nc3 O-O 8. Qc2 d5 9. cxd5 Nxd5 10.
e4 Nxc3 11. bxc3 c5 12. Ba3 Nd7 13. Rfd1 Qc7 14. Qe2 Rfe8 15. Rac1 Rac8 16. Ne1 Qb8 17. f4 cxd4 18. cxd4 Rxc1 19. Bxc1 Rc8 20. Be3 Qa8 21. Bf2 a5 22. Nd3 Qa6 23. Qd2 Qc4 24. Rc1 Qa4 25.
Rxc8+ Bxc8 26. Qc1 Ba6 27. Ne5 Nxe5 28. fxe5 Qxa2 29.
h4 h5 30. Be3 Qc4 31. Qb2 Bb5 32. d5 1-0

[Event "Early-Titled-Tuesday-Blitz-March-26-2024"]
[Site "Chess.com"]
[Date "2024.03.26"]
[Round "9"]
[White "cthulhuuu"]
[Black "CrushingKings"]
[Result "0-1"]
[WhiteElo "2419"]
[BlackElo "2577"]
[TimeControl "180+1"]
[EndTime "9:41:10 PDT"]
[Termination "CrushingKings won by resignation"]

1. e4 g6 2. d4 Bg7 3. Nc3 c6 4.
f4 d5 5. e5 Nh6 6. Nf3 Bg4 7. h3 Bxf3 8. Qxf3 f6 9. g4 fxe5 10.
fxe5 e6 11. Be3 c5 12. Bb5+ Nc6 13. dxc5 Nf7 14. O-O-O O-O 15. Qe2 Nfxe5 16. h4 Qa5 17. Bd4 Nxd4 18. Rxd4 a6 19. Bd7 Nxd7 20. Qxe6+ Kh8 21.
h5 Nxc5 22. hxg6 Nxe6 23. Rxh7+ Kg8 24. Rxd5 Rf1+ 25. Kd2 Bxc3+ 0-1

[Event "Early-Titled-Tuesday-Blitz-March-26-2024"]
[Site "Chess.com"]
[Date "2024.03.26"]
[Round "9"]
[White "djano"]
[Black "Cheer_Down"]
[Result "1/2-1/2"]
[WhiteElo "2659"]
[BlackElo "2501"]
[TimeControl "180+1"]
[EndTime "9:41:11 PDT"]
[Termination "Game drawn by repetition"]

1. e4 e5 2. d4 exd4 3. Nf3 Nc6 4. Bc4 Nf6 5. Ng5 d5 6. exd5 Qe7+ 7. Kf1 Ne5 8. Qxd4 Nxc4 9. Qxc4 h6 10. Nc3 hxg5 11.
Bxg5 Qd8 12. Re1+ Be7 13. Bxf6 gxf6 14. d6 cxd6 15. Nd5 Be6 16. Nc7+ Kf8 17. Nxe6+ fxe6 18. Qxe6 Rc8 19. h4 Rxc2 20. Rh3 Qc7 21. Rhe3 Rxh4 22. Kg1 Rc1 23. Qxe7+ Qxe7 24. Rxe7 Rxe1+ 25. Rxe1 Rc4 26. Kf1 Rc2 27. Re2 Rc1+ 28. Re1 Rc2 29. Re2 Rc1+ 30. Re1 Rc2 1/2-1/2

[Event "Early-Titled-Tuesday-Blitz-March-26-2024"]
[Site "Chess.com"]
[Date "2024.03.26"]
[Round "9"]
[White "DCacheiro"]
[Black "Irina_Baraeva"]
[Result "1-0"]
[WhiteElo "2493"]
[BlackElo "2304"]
[TimeControl "180+1"]
[EndTime "9:41:14 PDT"]
[Termination "DCacheiro won by resignation"]

1. e4 e6 2. d4 d5 3. Nc3 Bb4 4. e5 c5 5. a3 Bxc3+ 6. bxc3 Ne7 7. h4 Qc7 8. Rb1 Nbc6 9. h5 cxd4 10. cxd4 Qa5+ 11. Bd2 Qxa3 12. c3 a6 13. h6 g6 14.
Bd3 Rb8 15. Nh3 Nxd4 16. Ra1 Qb3 17. cxd4 Qxd3 18. Bg5 Qxd1+ 19. Rxd1 Bd7 20. Bf6 Rg8 21. Ng5 Nf5 22. Nxh7 b5 23. Ng5 Nxh6 24. Rxh6 a5 25.
Rh7 Rf8 26. Bg7 Rg8 27. Bh6 b4 28. Nxf7 a4 29. Bg5 Rb6 30. Nd6+ Rxd6 31. exd6 a3 32. Re7+ Kd8 33. Rg7+ 1-0

[Event "Early-Titled-Tuesday-Blitz-March-26-2024"]
[Site "Chess.com"]
[Date "2024.03.26"]
[Round "9"]
[White "WiktoriaPOL"]
[Black "whiteglovethief"]
[Result "1-0"]
[WhiteElo "2308"]
[BlackElo "2496"]
[TimeControl "180+1"]
[EndTime "9:41:17 PDT"]
[Termination "WiktoriaPOL won by checkmate"]

1. c4 e6 2. Nc3 d5 3. d4 a6 4. Nf3 dxc4 5. e4 b5 6. a4 b4 7. Na2 Bb7 8. e5 Qd5 9. Bd2 a5 10. Rc1 c3 11. bxc3 Qxa2 12. cxb4 axb4 13. Bc4 Qa3 14. Ra1 Qb2 15. Rb1 Bxf3 16. Qxf3 Qxb1+ 17. Ke2 Qxh1 18. Qxa8 Be7 19. Qxb8+ Bd8 20. Bb5+ Ke7 21.
Bxb4+ c5 22. Bxc5# 1-0

[Event "Early-Titled-Tuesday-Blitz-March-26-2024"]
[Site "Chess.com"]
[Date "2024.03.26"]
[Round "9"]
[White "AjedrezenMadrid"]
[Black "Bada_norovsambuu"]
[Result "1-0"]
[WhiteElo "2537"]
[BlackElo "2223"]
[TimeControl "180+1"]
[EndTime "9:41:20 PDT"]
[Termination "AjedrezenMadrid won by resignation"]

1. e4 c6 2. d4 d5 3. exd5 cxd5 4. Bd3 Nf6 5. c3 Nc6 6. Bf4 Bg4 7. Qb3 Qd7 8. Nd2 e6 9. h3 Bh5 10. Ngf3 Bd6 11.
Bxd6 Qxd6 12. O-O O-O 13. Rfe1 a6 14. Ne5 b5 15. Ndf3 Na5 16. Qc2 b4 17. Ng5 Bg6 18.
Nxg6 hxg6 19. Re3 bxc3 20. bxc3 Nc6 21. Rae1 Rfc8 22. Bxg6 fxg6 23. Qxg6 Qf8 24. Rxe6 Ne7 25. Rxe7 1-0

[Event "Early-Titled-Tuesday-Blitz-March-26-2024"]
[Site "Chess.com"]
[Date "2024.03.26"]
[Round "9"]
[White "GMT4114"]
[Black "rcmz"]
[Result "0-1"]
[WhiteElo "1966"]
[BlackElo "2209"]
[TimeControl "180+1"]
[EndTime "9:41:23 PDT"]
[Termination "rcmz won by resignation"]

1. e4 a6 2. d4 e6 3. Nc3 b5 4.
Bd3 Bb7 5. Nge2 c5 6. dxc5 Bxc5 7. O-O Qc7 8. Bf4 Bd6 9. Bxd6 Qxd6 10. Ng3 Qb6 11.
Qg4 g6 12. Rad1 Nc6 13. a3 Ne5 14. Qf4 f6 15. Rfe1 g5 16. Qe3 Qxe3 17. Rxe3 h5 18. Bf1 h4 19. Nge2 Nc4 20. Red3 Nxb2 21. Rxd7 Nxd1 22.
Rxb7 Nxc3 23. Nxc3 Rc8 24. Ne2 Ne7 25. Nd4 Kf7 26. Bd3 Rb8 27. Ra7 Ra8 28. Rd7 Rhd8 29. Rc7 Rxd4 0-1

[Event "Early-Titled-Tuesday-Blitz-March-26-2024"]
[Site "Chess.com"]
[Date "2024.03.26"]
[Round "9"]
[White "TatjanaVasilevich"]
[Black "Nechitaylo_Nikita"]
[Result "1-0"]
[WhiteElo "2598"]
[BlackElo "2374"]
[TimeControl "180+1"]
[EndTime "9:41:24 PDT"]
[Termination "TatjanaVasilevich won on time"]

1. d4 Nf6 2. c4 e6 3. Nc3 Bb4 4. e3 O-O 5. a3 Bxc3+ 6. bxc3 d6 7. Bd3 c5 8. Ne2 Nc6 9. O-O b6 10. e4 Ba6 11. f4 Na5 12. Ng3 Bxc4 13. Bxc4 Nxc4 14.
f5 e5 15. Qe2 b5 16. Bg5 cxd4 17. cxd4 exd4 18. Kh1 Ne5 19. Nh5 Ned7 20. Rad1 Qe7 21. Qxb5 Qe5 22. Nxf6+ Nxf6 23. Qc4 Nxe4 24. Bf4 Qc5 25.
Qxd4 Rfe8 26. Qb2 Rad8 27. Rc1 Qb6 28. Qc2 1-0

[Event "Early-Titled-Tuesday-Blitz-March-26-2024"]
[Site "Chess.com"]
[Date "2024.03.26"]
[Round "9"]
[White "PawnEatingZombie"]
[Black "maurovargas01"]
[Result "1-0"]
[WhiteElo "2186"]
[BlackElo "1848"]
[TimeControl "180+1"]
[EndTime "9:41:27 PDT"]
[Termination "PawnEatingZombie won by checkmate"]

1. e4 e5 2. Nf3 Nc6 3. Nc3 f5 4. Bb5 Nd4 5. O-O c6 6. Nxd4 exd4 7. exf5 dxc3 8. Qh5+ Ke7 9. dxc3 cxb5 10. Re1+ Kd6 11.
Bf4+ Kc6 12. Re8 Nf6 13. Qf3+ d5 14. Rxd8 Bxf5 15. Rxa8 Be4 16. Qe2 a6 17. a4 g5 18.
axb5+ axb5 19. Bg3 Bc5 20. b4 Rxa8 21. Rxa8 Bb6 22.
Kh1 h5 23. f3 Bf5 24. Qe7 Nd7 25.
Qd6# 1-0

[Event "Early-Titled-Tuesday-Blitz-March-26-2024"]
[Site "Chess.com"]
[Date "2024.03.26"]
[Round "9"]
[White "FranklinAPalomo"]
[Black "kyuotbi"]
[Result "1-0"]
[WhiteElo "2642"]
[BlackElo "2275"]
[TimeControl "180+1"]
[EndTime "9:41:30 PDT"]
[Termination "FranklinAPalomo won on time"]

1. Nf3 Nf6 2. g3 g6 3. Bg2 Bg7 4. O-O O-O 5. d3 c5 6. Nbd2 Nc6 7. c3 d5 8. a4 e5 9. e4 Be6 10. exd5 Bxd5 11. Re1 Re8 12. Qc2 Qc7 13. b3 Rad8 14.
Bb2 Qd6 15. Rad1 Re7 16. Ne4 Bxe4 17. dxe4 Qc7 18. Nd2 Red7 19. Nc4 a6 20. Ne3 Ne7 21. Ba3 b6 22. Qe2 Bh6 23. Rxd7 Rxd7 24. Bc1 Qd8 25. Qxa6 Bxe3 26. Bxe3 Ng4 27. Bg5 f6 28. Bc1 Rd1 29. Qe2 Rxe1+ 30. Qxe1 f5 31. exf5 gxf5 32. h3 Nf6 33.
Qxe5 Qd1+ 34. Kh2 Kf7 35. Bg5 1-0

[Event "Early-Titled-Tuesday-Blitz-March-26-2024"]
[Site "Chess.com"]
[Date "2024.03.26"]
[Round "9"]
[White "ViktoriyaTarasova"]
[Black "Boorchess"]
[Result "1/2-1/2"]
[WhiteElo "2372"]
[BlackElo "2539"]
[TimeControl "180+1"]
[EndTime "9:41:33 PDT"]
[Termination "Game drawn by repetition"]

1. d4 Nf6 2. c4 e6 3. Nc3 Bb4 4. e3 Bxc3+ 5. bxc3 c5 6. Bd3 d6 7. Ne2 Nc6 8. O-O e5 9. d5 Na5 10. Ng3 b6 11. e4 h6 12. h3 Qe7 13. Qe2 Bd7 14. f4 Kd8 15. fxe5 dxe5 16. Nf5 Bxf5 17.
Rxf5 Ne8 18. Bd2 Nd6 19. Rf2 f6 20. Raf1 Qd7 21. Rf3 Kc7 22. Rg3 Rag8 23. Rg6 Qe8 24. Qg4 Naxc4 25. Rxg7+ Kb8 26. Bxc4 Nxc4 27. Bc1 h5 28.
Rxg8 Rxg8 29. Qf5 Qg6 30. Qxg6 Rxg6 31. Rf5 h4 32. Rh5 b5 33. Rxh4 a5 34. g4 a4 35.
Kf2 b4 36. cxb4 cxb4 37. Ke2 b3 38. axb3 axb3 39. Kd3 b2 40. Bxb2 Nxb2+ 41. Kc3 Nd1+ 42. Kd2 Nf2 43. Ke3 Nd1+ 44. Kd2 Nb2 45. Kc3 Nd1+ 46.
Kd2 1/2-1/2

[Event "Early-Titled-Tuesday-Blitz-March-26-2024"]
[Site "Chess.com"]
[Date "2024.03.26"]
[Round "9"]
[White "superchess02"]
[Black "chess_blitz00"]
[Result "1-0"]
[WhiteElo "2861"]
[BlackElo "2580"]
[TimeControl "180+1"]
[EndTime "9:41:34 PDT"]
[Termination "superchess02 won by checkmate"]

1. d4 d6 2. e4 Nf6 3. Nc3 e5 4. Nge2 Be7 5. f3 O-O 6. Be3 c6 7. Qd2 a5 8. g4 a4 9. a3 Qa5 10. h4 b5 11. Ng3 exd4 12. Bxd4 Be6 13. g5 Nfd7 14. Nh5 Ne5 15. Be2 c5 16. Be3 Nbc6 17.
f4 Nc4 18. Bxc4 Bxc4 19. Nd5 Qxd2+ 20. Kxd2 Bxd5 21. exd5 Na5 22. Rae1 Rfe8 23. Kc1 g6 24. Ng3 Bf8 25. Bf2 Bg7 26. f5 Be5 27. h5 Nc4 28. c3 Bf4+ 29. Kc2 Bxg5 30. Ne4 Bf4 31. Nf6+ Kg7 32. Nxe8+ Kf8 33. hxg6 hxg6 34. Rh8# 1-0

[Event "Early-Titled-Tuesday-Blitz-March-26-2024"]
[Site "Chess.com"]
[Date "2024.03.26"]
[Round "9"]
[White "Goryachkina"]
[Black "ATM622"]
[Result "1-0"]
[WhiteElo "2687"]
[BlackElo "2517"]
[TimeControl "180+1"]
[EndTime "9:41:37 PDT"]
[Termination "Goryachkina won by checkmate"]

1. e4 c6 2. d4 d5 3. exd5 cxd5 4.
Bd3 Nc6 5. c3 Qc7 6. h3 Nf6 7.
Ne2 g6 8. O-O Bg7 9. Bf4 e5 10.
dxe5 Nxe5 11. Bb5+ Bd7 12. Bxd7+ Nfxd7 13. Qxd5 O-O 14.
Nd2 Rad8 15. Nf3 Rfe8 16. Nxe5 Bxe5 17. Qf3 Nc5 18. Rad1 Bxf4 19. Nxf4 Rxd1 20. Rxd1 Ne4 21. Nd5 Qd8 22. Rd4 f5 23. Qf4 Kg7 24. Nc7 Qb8 25. Rd7+ Kf6 26. Qh4+ g5 27. Qh6+ Ke5 28. Qg7+ Kf4 29.
Nd5# 1-0

[Event "Early-Titled-Tuesday-Blitz-March-26-2024"]
[Site "Chess.com"]
[Date "2024.03.26"]
[Round "9"]
[White "Chessdude1987"]
[Black "TimGrutter03"]
[Result "0-1"]
[WhiteElo "2405"]
[BlackElo "2560"]
[TimeControl "180+1"]
[EndTime "9:41:37 PDT"]
[Termination "TimGrutter03 won on time"]

1. e4 e5 2. Nf3 Nc6 3. d4 exd4 4. Nxd4 Qf6 5. Nxc6 Bc5 6. Qd2 Qxc6 7. Bd3 Ne7 8.
Nc3 O-O 9. O-O d6 10. Qg5 Ng6 11. Kh1 h6 12. Qh5 Ne5 13. Nd5 Kh7 14. f3 Nxd3 15.
cxd3 f5 16. Bd2 Be6 17. Nf4 Qe8 18. Qh3 Bd7 19. exf5 Bxf5 20. g4 Bd7 21. Rae1 Qf7 22. Nh5 Bc6 0-1

[Event "Early-Titled-Tuesday-Blitz-March-26-2024"]
[Site "Chess.com"]
[Date "2024.03.26"]
[Round "9"]
[White "Bilan_Danila"]
[Black "Veleamater"]
[Result "1-0"]
[WhiteElo "2628"]
[BlackElo "2404"]
[TimeControl "180+1"]
[EndTime "9:41:37 PDT"]
[Termination "Bilan_Danila won by resignation"]

1. d4 d6 2. Nf3 g6 3. Bg5 Bg7 4. c3 h6 5. Bh4 Nc6 6. Nbd2 Nf6 7. e4 O-O 8. Bc4 a6 9. a4 e5 10. dxe5 dxe5 11. O-O Qe7 12. Qc2 g5 13. Bg3 Nh5 14.
Rfe1 Nf4 15. Nf1 Kh8 16. Ne3 Be6 17. Nf5 Qf6 18. Ne3 Ne7 19. Rad1 Bxc4 20. Nxc4 Qe6 21. Ne3 c6 22. Bxf4 exf4 23. Nf5 Rfd8 24. h3 c5 25. Nxe7 Qxe7 26. Rd5 Re8 27. e5 Rad8 28. c4 Qe6 29. Qd3 Qg6 30. Rxd8 Rxd8 31. Qxd8+ Kh7 32. Qd5 1-0

[Event "Early-Titled-Tuesday-Blitz-March-26-2024"]
[Site "Chess.com"]
[Date "2024.03.26"]
[Round "9"]
[White "WilsonPalencia21"]
[Black "jakopogi"]
[Result "0-1"]
[WhiteElo "2590"]
[BlackElo "2792"]
[TimeControl "180+1"]
[EndTime "9:41:38 PDT"]
[Termination "jakopogi won on time"]

1. d4 Nf6 2. Nf3 d6 3. c4 Nbd7 4. Nc3 e5 5. e4 g6 6. d5 Bg7 7.
h3 O-O 8. g4 a6 9. Be3 Rb8 10. a4 a5 11. Nd2 b6 12. Qf3 Kh8 13.
O-O-O Nc5 14. b3 Ng8 15. Rg1 f5 16. gxf5 gxf5 17. Qg2 Qe7 18. f3 f4 19. Bf2 Nh6 20. Bh4 Bf6 21. Bxf6+ Qxf6 22. Nb5 Na6 23. Qg5 Bd7 24. Nc3 Qxg5 25. Rxg5 Rg8 26. Rg2 Rxg2 27. Bxg2 Rg8 28. Bf1 Nc5 29. Kc2 Rg3 30. Ne2 Rg7 31.
Nb1 Nf7 32. h4 Rg6 0-1

[Event "Early-Titled-Tuesday-Blitz-March-26-2024"]
[Site "Chess.com"]
[Date "2024.03.26"]
[Round "9"]
[White "xasid81"]
[Black "agvania123"]
[Result "1-0"]
[WhiteElo "2592"]
[BlackElo "2422"]
[TimeControl "180+1"]
[EndTime "9:41:40 PDT"]
[Termination "xasid81 won by resignation"]

1. g3 c5 2. Bg2 Nc6 3. Nf3 e5 4. O-O g6 5. Nc3 Bg7 6. e4 Nge7 7. d3 O-O 8. Nd5 d6 9. c4 Nxd5 10. cxd5 Nd4 11. Nxd4 cxd4 12. f4 f5 13. fxe5 dxe5 14.
Qb3 Qd6 15. Bd2 a5 16. a4 fxe4 17. Rxf8+ Bxf8 18. Bxe4 b6 19. Rc1 Bb7 20. h4 Be7 21. Kg2 Rf8 22. Rf1 Rxf1 23. Kxf1 Bc8 24. Kg2 Kg7 25. Qc4 Qd7 26. Kf2 Qh3 27. Qc7 Qh2+ 28. Bg2 Bh3 29. Qxe7+ Kg8 30. Qe8+ Kg7 31. Qxe5+ 1-0

[Event "Early-Titled-Tuesday-Blitz-March-26-2024"]
[Site "Chess.com"]
[Date "2024.03.26"]
[Round "9"]
[White "JaackCamel"]
[Black "JAN2404"]
[Result "1-0"]
[WhiteElo "2192"]
[BlackElo "1954"]
[TimeControl "180+1"]
[EndTime "9:41:42 PDT"]
[Termination "JaackCamel won by resignation"]

1. d4 Nf6 2. c4 g6 3. Nc3 Bg7 4. e4 d6 5. Nf3 O-O 6. Be2 e5 7. Be3 Nc6 8. d5 Ne7 9. Nd2 Nd7 10. b4 f5 11. f3 f4 12. Bf2 g5 13. c5 Ng6 14.
Nc4 Nf6 15. cxd6 cxd6 16. Nb5 Ne8 17. Nxa7 Nh4 18. Rg1 Bd7 19. Nb6 Nf6 20. Nxd7 Qxd7 21. a4 Ng6 22. a5 g4 23. Rc1 g3 24. Bb6 Nh4 25. h3 Ne8 26. Qc2 Bf6 27. Kd2 Bd8 28. Bxd8 Qxd8 29. Nb5 Ng6 30. Qc4 Qd7 31. Rc3 Nf6 32.
Rgc1 Rfc8 33. Qxc8+ Rxc8 34. Rxc8+ Nf8 35. R1c7 Qxh3 36.
gxh3 g2 37. Rc1 Nh5 38. Rg1 1-0

[Event "Early-Titled-Tuesday-Blitz-March-26-2024"]
[Site "Chess.com"]
[Date "2024.03.26"]
[Round "9"]
[White "jefferyx"]
[Black "Andreikka"]
[Result "0-1"]
[WhiteElo "3088"]
[BlackElo "2999"]
[TimeControl "180+1"]
[EndTime "9:41:46 PDT"]
[Termination "Andreikka won by resignation"]

1. e4 e5 2. Nf3 Nc6 3. Bc4 Nf6 4. d4 exd4 5. e5 Ne4 6. Qe2 Nc5 7. c3 Ne6 8. cxd4 Bb4+ 9. Nc3 d5 10. exd6 O-O 11. Be3 Re8 12. O-O Bxd6 13. Qd2 Ne7 14. d5 Nf8 15. Rfe1 Nf5 16. Bg5 f6 17. Bf4 Bd7 18.
Ne4 Ng6 19. Bxd6 Nxd6 20. Nxd6 cxd6 21. Nd4 Qb6 22. Ne6 Rac8 23. Bb3 a5 24. Re3 Ne5 25.
Rg3 Re7 26. a4 Nc4 27. Qf4 Bxe6 28. dxe6 d5 29. Qxf6 Rf8 0-1

[Event "Early-Titled-Tuesday-Blitz-March-26-2024"]
[Site "Chess.com"]
[Date "2024.03.26"]
[Round "9"]
[White "Yaacovn"]
[Black "jcibarra"]
[Result "1-0"]
[WhiteElo "2930"]
[BlackElo "3001"]
[TimeControl "180+1"]
[EndTime "9:41:50 PDT"]
[Termination "Yaacovn won by checkmate"]

1. d4 Nf6 2. e3 g6 3. Nf3 Bg7 4. Be2 d6 5. O-O Nbd7 6. b3 e5 7. dxe5 dxe5 8. Ba3 e4 9. Nd4 c5 10. Nb5 O-O 11. Bb2 Ne8 12. Bxg7 Kxg7 13. N1c3 Qe7 14.
Nd5 Qe5 15. c4 a6 16. Nbc3 Nef6 17. Qd2 Nxd5 18. Nxd5 Nf6 19. Qc3 Qxc3 20. Nxc3 Bd7 21. Rad1 Bc6 22. Rd6 Rfd8 23. Rfd1 Rd7 24. Rxd7 Bxd7 25.
Nxe4 Nxe4 26. Rxd7 Nc3 27. Bf3 Rb8 28. Bxb7 Nxa2 29.
Bd5 Rxb3 30. Rxf7+ Kh6 31. h4 Nb4 32. Rb7 a5 33. Bg8 Kh5 34. Rxh7+ Kg4 35. Be6# 1-0

[Event "Early-Titled-Tuesday-Blitz-March-26-2024"]
[Site "Chess.com"]
[Date "2024.03.26"]
[Round "9"]
[White "Barmen_EV"]
[Black "DavidGavrilescu18"]
[Result "0-1"]
[WhiteElo "2580"]
[BlackElo "2766"]
[TimeControl "180+1"]
[EndTime "9:41:50 PDT"]
[Termination "DavidGavrilescu18 won by resignation"]

1. e4 c5 2. c3 e6 3. d4 d5 4. Nd2 Nc6 5. Ngf3 cxd4 6. cxd4 dxe4 7. Nxe4 Bb4+ 8. Nc3 Nf6 9. Bd3 O-O 10. O-O b6 11. Re1 Bb7 12. a3 Bxc3 13. bxc3 h6 14. Bc2 Rc8 15. Qd3 Ne7 16. Ne5 Qd5 17. f3 Rfd8 18. Be3 Nc6 19. Ng4 Nxg4 20. Qh7+ Kf8 21. c4 Qh5 22. fxg4 Qxg4 23. d5 Ne5 24. Kh1 Rxc4 25. Bb3 Bxd5 26. Rg1 Be4 27. Qh8+ Ke7 28. Qxd8+ Kxd8 29. Bxc4 Nxc4 30. Rad1+ Ke7 31. Bc1 Bxg2+ 32. Rxg2 Qxd1+ 0-1

[Event "Early-Titled-Tuesday-Blitz-March-26-2024"]
[Site "Chess.com"]
[Date "2024.03.26"]
[Round "9"]
[White "Gabrielian_Artur"]
[Black "alexrustemov"]
[Result "1-0"]
[WhiteElo "2826"]
[BlackElo "2927"]
[TimeControl "180+1"]
[EndTime "9:41:52 PDT"]
[Termination "Gabrielian_Artur won on time"]

1. e4 e6 2. d4 d5 3. e5 c5 4.
c3 Qb6 5. Nf3 Bd7 6. Be2 Bb5 7.
dxc5 Bxc5 8. b4 Bf8 9. Bxb5+ Qxb5 10. Na3 Qd7 11. O-O Ne7 12. c4 dxc4 13. Nxc4 Nd5 14.
a3 Be7 15. Bg5 O-O 16. Bxe7 Qxe7 17. Re1 Rd8 18. Qc2 Nd7 19. Ne3 Nxe3 20. Rxe3 Nb6 21.
Qe4 Nd5 22. Rd3 Rac8 23. h4 h6 24. Rad1 Rc7 25. Nd4 Nc3 26. Nf5 Nxe4 27. Nxe7+ Rxe7 28. Rxd8+ Kh7 29. R1d7 Rxd7 30. Rxd7 Kg6 31. Rxb7 a6 32. a4 Nc3 33. a5 Nd5 34. b5 1-0

[Event "Early-Titled-Tuesday-Blitz-March-26-2024"]
[Site "Chess.com"]
[Date "2024.03.26"]
[Round "9"]
[White "Mysterio47"]
[Black "eljanov"]
[Result "0-1"]
[WhiteElo "2722"]
[BlackElo "2920"]
[TimeControl "180+1"]
[EndTime "9:41:52 PDT"]
[Termination "eljanov won by resignation"]

1. e4 c6 2. d4 d5 3. Nc3 dxe4 4. Nxe4 Nf6 5. Nxf6+ exf6 6. c3 Bd6 7. Bd3 O-O 8.
Qc2 Re8+ 9. Ne2 h5 10. Be3 h4 11.
O-O-O Nd7 12. c4 Nf8 13. Nc3 Bg4 14. Rde1 Bb4 15. a3 Ba5 16. h3 Bh5 17. Be2 Bg6 18.
Bd3 b5 19. Bxg6 Nxg6 20. c5 b4 21.
axb4 Bxb4 22. Rd1 Qa5 23. d5 Bxc5 24. dxc6 Bxe3+ 25. fxe3 Ne7 26. Rd6 Rac8 27. Qe4 Nxc6 28. Rxc6 Rxe4 29. Rxc8+ Kh7 30. Nxe4 Qa1+ 31. Kc2 Qxh1 32.
Rc7 Qxg2+ 33. Nd2 Qxh3 34. Rxf7 Qxe3 35. Nc4 Qe6 36. Rc7 h3 0-1

[Event "Early-Titled-Tuesday-Blitz-March-26-2024"]
[Site "Chess.com"]
[Date "2024.03.26"]
[Round "9"]
[White "Dixit_Nikhil"]
[Black "Anton_Demchenko"]
[Result "0-1"]
[WhiteElo "2648"]
[BlackElo "2987"]
[TimeControl "180+1"]
[EndTime "9:41:52 PDT"]
[Termination "Anton_Demchenko won by resignation"]

1. e4 e5 2. Nf3 Nc6 3. Bb5 a6 4. Ba4 Nge7 5. O-O Ng6 6. c3 d6 7. d4 Bd7 8. Nbd2 Be7 9. Re1 O-O 10. Bc2 exd4 11. Nxd4 Bf6 12. N2f3 Nxd4 13. Nxd4 Re8 14.
Be3 Ne5 15. h3 Nc4 16. Bc1 c5 17. Ne2 Bc6 18. Nf4 b5 19. a4 b4 20. cxb4 Nxb2 21.
Bxb2 Bxb2 22. Rb1 Bc3 23. b5 axb5 24. axb5 Bb7 25. Re3 Bd4 26. Rg3 g6 27. b6 Qf6 28.
Qf3 Ra2 29. Nd5 Qxf3 30. Rxf3 Rxc2 0-1

[Event "Early-Titled-Tuesday-Blitz-March-26-2024"]
[Site "Chess.com"]
[Date "2024.03.26"]
[Round "9"]
[White "wqws"]
[Black "PolandHussars"]
[Result "1-0"]
[WhiteElo "2736"]
[BlackElo "2559"]
[TimeControl "180+1"]
[EndTime "9:42:01 PDT"]
[Termination "wqws won by checkmate"]

1. e4 e5 2. Nf3 Nc6 3. Bb5 g6 4. d4 exd4 5. O-O Bg7 6. c3 dxc3 7. Nxc3 Nge7 8. Nd5 h6 9. e5 Nxd5 10. Qxd5 O-O 11. Bf4 Qe7 12. Rfe1 Nd8 13. Qd2 Kh7 14.
h4 Ne6 15. Bg3 a6 16. Bd3 h5 17. Rad1 b5 18. Be4 Rb8 19. Qe2 Kg8 20. Ng5 Nxg5 21. hxg5 Bb7 22. Bxb7 Rxb7 23. Qe4 Rb6 24. Rd3 Re8 25.
Rde3 Qxg5 26. Qc2 Rc6 27. Qd1 Qe7 28. Rd3 d6 29. e6 fxe6 30. Rde3 e5 31. Qd5+ Kh8 32.
Qxc6 Qf7 33. Rf3 Qe6 34. Qxc7 e4 35. Rf7 Bxb2 36. Bxd6 Bd4 37. Rxe4 Qxe4 38. Rh7+ Kg8 39. Qf7# 1-0

[Event "Early-Titled-Tuesday-Blitz-March-26-2024"]
[Site "Chess.com"]
[Date "2024.03.26"]
[Round "9"]
[White "SaiHanThiha"]
[Black "stratacticos"]
[Result "1-0"]
[WhiteElo "2556"]
[BlackElo "1858"]
[TimeControl "180+1"]
[EndTime "9:42:01 PDT"]
[Termination "SaiHanThiha won by checkmate"]

1. Nf3 c5 2. g3 Nc6 3. Bg2 d5 4. d4 cxd4 5. Nxd4 e5 6. Nxc6 bxc6 7. O-O Nf6 8. c4 Be6 9. Nc3 e4 10. Qa4 Qd7 11. Rd1 Bd6 12. Bg5 O-O 13. Bxf6 gxf6 14. cxd5 cxd5 15. Qxd7 Bxd7 16. Rxd5 Be5 17. Rxd7 Rab8 18.
Nxe4 Rxb2 19. f4 Bb8 20. Nxf6+ Kg7 21. Nh5+ Kg6 22. Bf3 a5 23. Rc1 Rb6 24. Rc5 h6 25.
Be4+ f5 26. Rg7+ Kxh5 27. Bf3# 1-0